 Dungeon Sprint DCSS version 0.26-a0-661-g406de6ba63 (webtiles) character file.

Game seed: 10731570602673837247

28 sahdkjhfkaj the Insei (level 3, -1/23 HPs)
             Began as an Octopode Transmuter on Oct 8, 2020.
             Slain by a water elemental (17 damage)
             ... in the Dungeon (Sprint III: "The Ten Rune Challenge").
             The game lasted 00:00:40 (526 turns).

sahdkjhfkaj the Insei (Octopode Transmuter)          Turns: 526, Time: 00:00:40

Health: -1/23      AC:  1    Str: 10    XL:     3   Next: 14%
Magic:  6/6        EV: 13    Int: 15    God:
Gold:   22         SH:  0    Dex: 12    Spells: 5/6 levels left

rFire    . . .     SeeInvis .     - Unarmed
rCold    . . .     Faith    .   (no shield)
rNeg     . . .     Spirit   .   (helmet currently unavailable)
rPois    .         Reflect  .   (no amulet)
rElec    .         Harm     .   (no ring)
rCorr    .         Rampage  .   (no ring)
MR       .....     NoTele   +   (no ring)
Stlth    ++........             (no ring)
HPRegen  0.07/turn              (no ring)
MPRegen  0.10/turn              (no ring)
                                (no ring)
                                (no ring)

@: appendages (expiring), engulfed
A: almost no armour, stealthy swim, amphibious, 8 rings, constrict 8, tentacle
spike 3, camouflage 1, gelatinous body 1
a: End Transformation


You were in the Dungeon.
One of your tentacles had a temporary spike.
You visited 1 branch You collected 22 gold pieces.

Inventory:

Scrolls
 a - 4 scrolls of identify
 g - a scroll of blinking
 h - a scroll of fog {unknown}
 i - a scroll of holy word {unknown}
 j - 3 scrolls of remove curse
 l - a scroll of immolation {unknown}
Potions
 b - a potion of curing
 c - a potion of heal wounds
 d - a potion of haste
 e - 2 potions of magic
 f - a potion of berserk rage
 k - 2 potions of flight
 m - 2 potions of might {unknown}
 n - 5 potions of mutation


   Skills:
 - Level 1.0 Fighting
 - Level 2.0 Dodging
 + Level 6.7 Unarmed Combat
 - Level 2.0 Spellcasting
 - Level 2.0 Transmutations


You had 5 spell levels left.
You knew the following spells:

 Your Spells              Type           Power        Failure   Level
a - Beastly Appendage     Tmut           #.....       10%         1

Your spell library contained the following spells:

 Spells                   Type           Power        Failure   Level
 Wereblood                Tmut           #.......     14%         2
 Spider Form              Tmut/Pois      #.........   41%         3
 Ice Form                 Ice/Tmut       #.......     82%         4
 Blade Hands              Tmut           #.........   95%         5


Dungeon Overview and Level Annotations

Branches:
Dungeon (1/1)

Altars:


Innate Abilities, Weirdness & Mutations

You cannot wear most types of armour.
You are very stealthy in the water. (Stealth+)
You are amphibious.
You can wear up to eight rings at the same time.
You can use your tentacles to constrict eight enemies at once.
Your skin changes colour to match your surroundings (Stealth+).
Your rubbery body absorbs attacks. (AC +1, EV +1)
One of your tentacles bears a large vicious spike.


Message History

Your tentacle spike misses the water elemental.
The water elemental is almost destroyed.
The water elemental misses you.
You tentacle-slap the water elemental but do no damage.
The water elemental is almost destroyed.
The water elemental barely misses you.
You tentacle-slap the water elemental but do no damage.
You squeeze the water elemental.
The water elemental is almost destroyed.
The water elemental barely misses you.
You tentacle-slap the water elemental.
You pierce the water elemental, but do no damage.
The water elemental is almost destroyed.
The water elemental hits you!
The water elemental engulfs you in water!
You barely miss the water elemental.
The water elemental is almost destroyed.
The water elemental hits you!
Ouch! That really hurt!
You die...

▓▓▓▓▓▓ ▓▓▓ .#...####
##.# .#......#####..#
##.......#..#..#
.##.##..÷#..#..###+#+###
.##.###..##'#..#........
####.##..###...'.⌠......
##†.##..####...#@..####
....##..###....#.E.#
#..##...##.....#...#
..##....#......#+###
.###..##÷#.....# .#
#..#####....# ▓▓ ▓▓▓▓
▓▓▓▓▓▓


You could see a water elemental.

Vanquished Creatures
  A human (D)
  An ooze (D)
  A phantom (D)
  3 rats (D)
6 creatures vanquished.

Notes
Turn   | Place    | Note
-------+----------+-------------------------------------------
     0 | D        | sahdkjhfkaj the Octopode Transmuter began the quest for the
                  | Orb.
     0 | D        | Reached XP level 1. HP: 13/13 MP: 3/3
    14 | D        | Reached skill level 4 in Unarmed Combat
   234 | D        | Reached XP level 2. HP: 18/18 MP: 5/5
   251 | D        | Reached skill level 6 in Unarmed Combat
   251 | D        | Reached XP level 3. HP: 7/23 MP: 6/6
   513 | D        | Noticed a water elemental
   526 | D        | Slain by a water elemental

Illustrated notes

Levels and vault maps discovered:
D:        dungeon_sprint_mu [sprint_mu_entry_cave, sprint_mu_temple_rooms,
          sprint_mu_d1_horrors, sprint_mu_d2_genie, sprint_mu_d3_branching,
          sprint_mu_orc_legion, sprint_mu_elf_gauntlet, sprint_mu_hive_nellie,
          sprint_mu_lair_fedhas, sprint_mu_vaults_butterflies,
          sprint_mu_slime_circle, sprint_mu_shoals_archi,
          sprint_mu_snake_twists, sprint_mu_blade_basic, sprint_mu_crypt_lich,
          sprint_mu_tomb_spiral, sprint_mu_vestibule_basic,
          sprint_mu_gehenna_hellfire, sprint_mu_dis_giant,
          sprint_mu_tartarus_statrot, sprint_mu_cocytus_islands, sprint_mu_zot1]

Skill      XL: |  1  2 |
---------------+-------+-----
Unarmed Combat | 4 6 |  6.7
Fighting       | |  1.0
Dodging        | |  2.0
Spellcasting   | |  2.0
Transmutations | |  2.0

Action                   || total
-------------------------++-------
Melee: Unarmed           ||    27
       Tentacles         ||     6
       Constrict         ||     2
       Kick              ||     5
 Cast: Beastly Appendage ||     4
 Stab: Sleeping          ||     4
Dodge: Dodged            ||    11

Table legend: (Time is in decaauts)
 A = Elapsed time spent in this place.
 B = Non-inter-level travel time spent in this place.
 C = Inter-level travel time spent in this place.
 D = Time resting spent in this place.
 E = Time spent auto-exploring this place.
 F = Levels seen in this place.
 G = Mean time per level.
                   A        B        C        D        E       F      G
               +--------+--------+--------+--------+--------+-----+--------+
         Total |    523 |    523 |      0 |      2 |    431 |   1 |  523.0 |
       Dungeon |    523 |    523 |      0 |      2 |    431 |   1 |  523.0 |
               +--------+--------+--------+--------+--------+-----+--------+

Top non-repeatable levels by time:
       D: 523 daAuts
